 Dungeon Crawl Stone Soup version 0.27.1-2-g3b301248ec (webtiles) character file.

Game seed: 12137540589487500115

8163 TheGamechu the Destroyer (level 11, -5/84 HPs)
             Began as a White Draconian Conjurer on Sept 27, 2021.
             Was a Priest of Elyvilon.
             Slain by a meliai (6 damage)
             ... on level 13 of the Dungeon on Sept 28, 2021.
             The game lasted 01:10:25 (14867 turns).

TheGamechu the Destroyer (DrCj)                    Turns: 14867, Time: 01:10:27

Health: -5/84      AC: 13    Str:  9    XL:     11   Next: 6%
Magic:  20/26      EV: 14    Int: 28    God:    Elyvilon [***...]
Gold:   262        SH:  4    Dex: 10    Spells: 15/18 levels left

rFire    . . .     SeeInvis .   l - staff of conjuration
rCold    + . .     Faith    .   p - +0 buckler
rNeg     . . .     Spirit   .   (armour unavailable)
rPois    .         Reflect  .   (helmet restricted)
rElec    .         Harm     .   D - +2 cloak
rCorr    .         Rampage  .   (no gloves)
Will     .....                  K - +2 pair of boots {Fly}
Stlth    ++........             (no amulet)
HPRegen  0.24/turn              o - +6 ring of intelligence
MPRegen  0.20/turn              J - ring of magical power

@: about to teleport, short of breath, marked, flying
A: breathe frost, AC +7, unfitting armour, cold resistance 1, cold-blooded
a: Breathe Frost, Renounce Religion, Lesser Healing, Heal Other, Purification,
Divine Protection


You were on level 13 of the Dungeon.
You worshipped Elyvilon.
Elyvilon was most pleased with you.
You visited 2 branches of the dungeon, and saw 15 of its levels.
You also visited: Sewer.

You collected 697 gold pieces.
You spent 435 gold pieces at shops.

Inventory:

Missiles
 b - 20 boomerangs
 f - 9 javelins
 i - 47 poisoned darts
 t - a throwing net
 A - 7 atropa-tipped darts
 L - 7 datura-tipped darts
Armour
 p - a +0 buckler (worn)
 D - a +2 cloak (worn)
 K - a +2 pair of boots of flying (worn)
Magical Staves
 l - a staff of conjuration (weapon)
Jewellery
 n - a ring of see invisible
 o - a +6 ring of intelligence (left hand)
 E - a +6 ring of strength
 G - a ring of ice
 J - a ring of magical power (right hand)
Wands
 c - a wand of mindburst (13)
 m - a wand of digging (8)
 v - a wand of polymorph (5)
 B - a wand of iceblast (7)
 F - a wand of charming (8)
 H - a wand of flame (7)
Scrolls
 k - 4 scrolls of teleportation
 r - a scroll of silence
 s - 2 scrolls of enchant armour
 x - 2 scrolls of magic mapping
 y - a scroll of enchant weapon
 C - 3 scrolls of amnesia
Potions
 a - 2 potions of lignification
 d - a potion of haste
 e - 2 potions of berserk rage
 g - 4 potions of curing
 h - 3 potions of flight
 j - a potion of invisibility
 u - a potion of might {unknown}
 w - 2 potions of brilliance
 z - 2 potions of ambrosia
 I - a potion of mutation {unknown}
Miscellaneous
 q - a condenser vane


   Skills:
 - Level 4.0 Fighting
 + Level 4.2 Staves
 + Level 7.5 Dodging
 - Level 1.7 Stealth
 - Level 4.0 Shields
 - Level 4.0 Spellcasting
 + Level 9.3 Conjurations
 - Level 8.0 Invocations
 + Level 6.2 Evocations


You had 15 spell levels left.
You knew the following spells:

 Your Spells              Type           Power      Damage    Failure   Level
a - Magic Dart            Conj           100%       1d8       1%          1
b - Searing Ray           Conj           100%       3d7       1%          2

Your spell library contained the following spells:

 Spells                   Type           Power      Damage    Failure   Level
 Dazzling Flash           Conj/Hex       94%        N/A       3%          3
 Apportation              Tloc           10%        N/A       8%          1
 Sublimation of Blood     Necr           2%         N/A       11%         2
 Fulminant Prism          Conj/Hex       23%        3d13      11%         4
 Iskenderun's Mystic Bla  Conj/Tloc      47%        2d10      11%         4
 Inner Flame              Hex/Fire       5%         N/A       22%         3
 Irradiate                Conj/Tmut      23%        3d21      30%         5
 Cause Fear               Hex            2%         N/A       58%         4
 Petrify                  Tmut/Erth      5%         N/A       58%         4
 Alistair's Intoxication  Tmut/Pois      3%         N/A       90%         5
 Invisibility             Hex            2%         N/A       100%        6
 Discord                  Hex            2%         N/A       100%        8


Dungeon Overview and Level Annotations

Branches:
Dungeon (15/15)            Temple (1/1) D:5             Orc (0/2) D:9
  Sewer (visited)
   Lair: D:8-11      Vaults: D:13-14     Depths: D:15

Altars:
Ashenzari
Cheibriados
Dithmenos
Elyvilon
Fedhas
Gozag
Hepliaklqana
Kikubaaqudgha
Makhleb
Nemelex Xobeh
Okawaru
Qazlal
Ru
Sif Muna
Trog
Uskayaw
Vehumet
Wu Jian
Xom
Yredelemnul
Zin
The Shining One

Shops:
D:7 =:[!   D:10 :   D:11 *[

Annotations:
D:5 1 runed translucent door


Innate Abilities, Weirdness & Mutations

You can breathe waves of freezing cold which knock back foes.
Your icy white scales are hard. (AC +7)
You cannot fit into any form of body armour.
Your flesh is cold resistant. (rC+)
You are cold-blooded and may be slowed by cold attacks.


Message History

Casting: Magic Dart (safe; 1% risk of failure)
Confirm with . or Enter, or press ? or * to list all spells.
Aiming: Magic Dart (safe; 1% risk of failure)
Press: ? - help, Shift-Dir - straight line, f/p - boulder beetle
Aim: a boulder beetle (lightly wounded, rolling, 100% to hit)
Okay, then.
Casting: Magic Dart (safe; 1% risk of failure)
Confirm with . or Enter, or press ? or * to list all spells.
Aiming: Searing Ray (safe; 1% risk of failure)
Press: ? - help, Shift-Dir - straight line, f/p - boulder beetle
Aim: a boulder beetle (lightly wounded, rolling, 100% to hit)
You feel a surge of power!
The searing ray hits the boulder beetle!
The boulder beetle is lightly wounded. (Press . to maintain the ray.)
A meliai comes into view. It is wielding a +0 hand axe.
Casting: Searing Ray (safe; 1% risk of failure)
Confirm with . or Enter, or press ? or * to list all spells.
Restarting spell: Searing Ray (safe; 1% risk of failure)
Press: ? - help, Shift-Dir - straight line, f/p - boulder beetle
Aim: a boulder beetle (lightly wounded, rolling, 100% to hit)
You feel a surge of power!
The searing ray hits the boulder beetle.
The boulder beetle is moderately wounded. (Press . to maintain the ray.)
The meliai invokes the aid of its god against you.
Something smites you! The boulder beetle hits you!!!
The boulder beetle stops rolling and uncurls.
A meliai comes into view. It is wielding a +0 hand axe.
Okay, then.
As you read the scroll of teleportation, it crumbles to dust.
You feel strangely unstable. The boulder beetle bites you!!
* * * LOW HITPOINT WARNING * * *
You feel better.
The meliai invokes the aid of its god against you.
Something smites you!
* * * LOW HITPOINT WARNING * * *
The boulder beetle bites you but does no damage.
The meliai hits you with a +0 hand axe.
You die...

##. ### ... ..#
#.. #.# ##..###.#
......#.##
#.##......#####.#
).......DB@yy...#
.#.#..>..###.....
#......#.## .##
###.##.#.# #
#.#.# ....# ..###
##. ##


You could see a boulder beetle, an acid dragon and 2 meliai.

Vanquished Creatures
  2 two-headed ogres
  An ugly thing (D:11)
  A manticore (D:14)
  A kobold demonologist (D:9)
  2 trolls
  Grinder (D:3)
  2 slime creatures
  9 yaks (D:10)
  2 water moccasins
  2 ice beasts (D:6)
  5 orc warriors
  Purgy (Sewer)
  A necrophage (D:4)
  A sky beast (D:5)
  5 centaurs
  2 wyvern zombies
  A bullfrog (D:9)
  A gnoll sergeant (D:9)
  5 wights (D:6)
  A howler monkey (D:14)
  An electric eel (D:7)
  2 centaur zombies
  2 bullfrog skeletons
  A jelly (D:5)
  4 orc priests
  3 centaur skeletons
  5 iguanas
  6 orc wizards
  2 howler monkey zombies
  Robin (D:2)
  12 gnolls
  2 howler monkey skeletons (D:5)
  9 adders
  An ufetubus (D:4)
  5 worms
  2 dart slugs
  38 orcs
  7 ball pythons
  8 endoplasms
  4 giant cockroaches
  14 hobgoblins
  9 jackals
  9 kobolds
  5 quokkas
  6 bats
  13 frilled lizards
  16 goblins
  7 rats
240 creatures vanquished.

Vanquished Creatures (others)
  A wizard (D:8)
  6 plants (D:1)
7 creatures vanquished.

Grand Total: 247 creatures vanquished

Notes
Turn   | Place    | Note
-------+----------+-------------------------------------------
     0 | D:1      | TheGamechu the Draconian Conjurer began the quest for the
                  | Orb.
     0 | D:1      | Reached XP level 1. HP: 14/14 MP: 3/3
   193 | D:1      | Reached XP level 2. HP: 18/20 MP: 0/5
   264 | D:1      | Learned a level 2 spell: Searing Ray
   762 | D:1      | Reached XP level 3. HP: 18/26 MP: 6/6
  1019 | D:1      | Reached skill level 5 in Conjurations
  1461 | D:2      | Noticed Robin
  1652 | D:2      | Killed Robin
  1653 | D:2      | Reached XP level 4. HP: 34/34 MP: 2/7
  1745 | D:1      | Reached skill level 1 in Fighting
  1819 | D:2      | Found a sacrificial altar of Ru.
  3095 | D:3      | Reached XP level 5. HP: 27/40 MP: 4/8
  3837 | D:3      | Noticed Grinder
  3857 | D:3      | Paralysed by Grinder for 5 turns
  3877 | D:3      | HP: 1/40 [Grinder (2)]
  3883 | D:3      | Paralysed by Grinder for 2 turns
  3888 | D:3      | Killed Grinder
  3889 | D:3      | Reached skill level 6 in Conjurations
  3889 | D:3      | Reached XP level 6. HP: 2/47 MP: 2/11
  4614 | D:4      | Reached skill level 7 in Conjurations
  4623 | D:4      | Found a sparkling altar of Nemelex Xobeh.
  5280 | D:4      | Your scales start taking on an icy white colour.
  5280 | D:4      | Reached XP level 7. HP: 43/52 MP: 5/12
  5280 | D:4      | Gained mutation: Your flesh is cold resistant. (rC+) [White
                  | Draconian growth]
  5541 | D:5      | Entered Level 5 of the Dungeon
  5690 | D:5      | Found a runed translucent door.
  5690 | D:5      | Noticed a human
  5695 | D:5      | Found a basalt altar of Yredelemnul.
  5906 | D:5      | Found a staircase to the Ecumenical Temple.
  5981 | D:5      | Found a glowing drain.
  6002 | Sewer    | Entered a sewer
  6133 | Sewer    | Noticed Purgy
  6141 | Sewer    | Killed Purgy
  6327 | Temple   | Entered the Ecumenical Temple
  6511 | Temple   | Became a worshipper of Elyvilon the Healer
  6544 | D:5      | Reached skill level 8 in Conjurations
  6899 | D:5      | Reached skill level 1 in Invocations
  7264 | D:6      | Reached skill level 1 in Evocations
  7264 | D:6      | Reached XP level 8. HP: 62/62 MP: 8/14
  7366 | D:6      | Identified a scroll of acquirement
  7366 | D:6      | Acquired a staff of conjuration
  7607 | D:6      | Reached * piety under Elyvilon
  9119 | D:7      | Reached ** piety under Elyvilon
  9456 | D:7      | Found Temuta's Antique Armour Boutique.
  9461 | D:7      | Reached XP level 9. HP: 56/71 MP: 11/15
  9532 | D:7      | Found Soawaute's Distillery.
  9532 | D:7      | Found Ponunyaklo's Book Shop.
  9534 | D:7      | Found Qiskoc's Jewellery Boutique.
  9715 | D:7      | Bought an embroidered cloak for 240 gold pieces
  9946 | D:8      | Found an opulent altar of Gozag.
 10020 | D:8      | Reached skill level 5 in Dodging
 10184 | D:8      | Found an iron altar of Okawaru.
 10248 | D:8      | Noticed a green ugly thing
 10270 | D:8      | Pacified a green ugly thing
 10271 | D:8      | Reached skill level 1 in Shields
 10271 | D:8      | Reached skill level 5 in Invocations
 10794 | D:8      | Found a bloodstained altar of Trog.
 10796 | D:8      | Noticed a wizard
 10800 | D:8      | Killed a wizard
 11151 | D:9      | Noticed a kobold demonologist
 11155 | D:9      | Killed a kobold demonologist
 11156 | D:9      | Reached skill level 5 in Evocations
 11178 | D:9      | Reached *** piety under Elyvilon
 11836 | D:9      | Noticed a troll
 11849 | D:9      | Pacified a troll
 12241 | D:9      | Found a staircase to the Orcish Mines.
 12369 | D:9      | Noticed a two-headed ogre
 12565 | D:8      | Reached XP level 10. HP: 72/78 MP: 9/16
 12646 | D:9      | Killed a two-headed ogre
 12732 | D:10     | Entered Level 10 of the Dungeon
 12828 | D:10     | Reached skill level 1 in Staves
 13637 | D:10     | Found Otiriagg's Book Shop.
 13747 | D:10     | Found a shimmering altar of Xom.
 14111 | D:11     | Found Koisuf's Antique Armour Boutique.
 14115 | D:11     | Identified the +5 trident of War {holy, Dex+5 SInv}
 14115 | D:11     | Noticed a cyan ugly thing
 14128 | D:11     | Killed a cyan ugly thing
 14129 | D:11     | Reached skill level 9 in Conjurations
 14328 | D:11     | Bought a pair of glowing boots for 195 gold pieces
 14390 | D:11     | Found Ceiwk's Assorted Antiques.
 14448 | D:11     | You are sucked into a shaft and drop 3 floors!
 14511 | D:15     | Entered Level 15 of the Dungeon
 14565 | D:14     | Noticed a manticore
 14570 | D:14     | Killed a manticore
 14700 | D:14     | Noticed a tengu warrior
 14842 | D:14     | Noticed a two-headed ogre
 14849 | D:14     | Killed a two-headed ogre
 14850 | D:14     | Reached XP level 11. HP: 84/84 MP: 17/17
 14859 | D:13     | Noticed a boulder beetle
 14867 | D:13     | HP: 1/84 [meliai/divine providence (15)]
 14867 | D:13     | Slain by a meliai

Illustrated notes

Levels and vault maps discovered:
D:1:      scummos_arrival_gate, layout_basic, hex_large,
          minmay_misc_feat_enclosed, minmay_lizard_king
D:2:      layout_basic, basic_altar, minmay_heptomino_l4, uniq_robin
D:3:      minmay_spotlight, layout_loops_corners, serial_forest,
          infiniplex_forest_clump_small, infiniplex_forest_join,
          infiniplex_forest_straight_5, infiniplex_forest_pool,
          infiniplex_forest_clump_double, infiniplex_forest_straight_2,
          infiniplex_forest_lined_ring, uniq_grinder
D:4:      layout_rooms, kennysheep_mini_moat
D:5:      layout_basic, dk_yredelemnul_ordeal, minmay_temple_entry_grid,
          cheibrodos_sewer_entry_bend, minmay_holes
D:6:      layout_loops_cross
D:7:      layout_basic, nicolae_wooded_promenade
D:8:      cheibrodos_iron_armory, layout_basic,
          mainiacjoe_overflow_small_starburst, trog_wizard,
          nicolae_gozag_seed_capital
D:9:      layout_rooms, david_orc_3
D:10:     layout_loops_cross, xom_teletrap_fun, serial_shops,
          nicolae_shop_temple_entry_statues_fountains, feat_on_display
D:11:     layout_basic, lair_entry_dummy, serial_shops,
          nicolae_shop_temple_entry_statues_fountains, shop,
          nicolae_shop_temple_entry_statues_fountains, shop, uniq_urug
D:13:     layout_loops_ring, david_vaults_4, serial_shops, shop
D:14:     kennysheep_room_grid, layout_loops_corners, grunt_ministairs_3,
          nicolae_transmutations_shop
D:15:     grunt_enter_depths_giant_problem, layout_long_grid,
          fedhas_altar_fruit_tree, chequers_serial_rivers_micro_c,
          jiyva_altar_1, uniq_jorgrun
Temple:   regret_index_temple_sphere_string

Skill      XL: |  1  2  3  4  5  6  7  8  9 10 |
---------------+-------------------------------+-----
Dodging        | 2 3 4 6 7 |  7.5
Conjurations   | 5 6 7 8 9 |  9.3
Fighting       | 1 2 4 |  4.0
Spellcasting   | 3 4 |  4.0
Invocations    | 1 4 6 8 |  8.0
Evocations     | 1 3 5 6 |  6.2
Shields        | 3 4 |  4.0
Staves         | 4 |  4.2
Stealth        | |  1.7

Action                   |  1- 3 |  4- 6 |  7- 9 | 10-12 || total
-------------------------+-------+-------+-------+-------++-------
Melee: Unarmed           |     5 |       |       |       ||     5
       Tailslap          |    11 |    12 |     8 |     1 ||    32
       Spear             |    83 |   150 |    70 |       ||   303
       Staff             |       |       |    58 |    18 ||    76
Throw: Boomerang         |    25 |    63 |       |       ||    88
 Cast: Magic Dart        |    27 |    13 |    25 |    13 ||    78
       Searing Ray       |     4 |    17 |    55 |    24 ||   100
Invok: Heal Other        |       |       |     5 |     1 ||     6
 Abil: Breathe Frost     |       |       |    47 |    14 ||    61
  Use: Scroll            |     2 |     6 |     9 |     6 ||    23
       Potion            |       |       |     1 |     1 ||     2
 Stab: Sleeping          |     1 |       |     1 |       ||     2
Armor: Skin              |    22 |    61 |    66 |    10 ||   159
Dodge: Dodged            |    58 |   101 |   151 |    35 ||   345
Block: Buckler           |       |       |       |     7 ||     7
